 Dungeon Crawl Stone Soup version 0.28-a0-1374-ga75cb3825e (webtiles) character file.

Game seed: 17375696812257061089

376 dolemite99 the Basher (level 6, -3/51 HPs)
             Began as a Minotaur Fighter on Jan 1, 2022.
             Slain by an orc warrior (7 damage)
             ... on level 5 of the Dungeon.
             The game lasted 00:03:36 (5170 turns).

dolemite99 the Basher (Minotaur Fighter)            Turns: 5170, Time: 00:03:37

Health: -3/51      AC:  8    Str: 23    XL:     6   Next: 44%
Magic:  5/5        EV:  9    Int: 11    God:
Gold:   141        SH:  4    Dex:  9    Spells: 5/5 levels left

rFire   . . .      SeeInvis .   a - +0 flail
rCold   . . .      Faith    .   c - +0 buckler
rNeg    + . .      Spirit   .   b - +0 scale mail
rPois   .          Reflect  .   (helmet restricted)
rElec   .          Harm     .   (no cloak)
rCorr   .          Rampage  .   r - +0 pair of gloves
Will    .....                   (no boots)
Stlth   ..........              (no amulet)
HPRegen 0.17/turn               g - ring of positive energy
MPRegen 0.09/turn               t - +6 ring of intelligence

@: mighty
A: horns 2, retaliatory headbutt
a: no special abilities


You were on level 5 of the Dungeon.
You visited 1 branch of the dungeon, and saw 5 of its levels.

You collected 141 gold pieces.

Inventory:

Hand Weapons
 a - a +0 flail (weapon)
 f - a +0 hunting sling
 h - a +0 dagger of venom
Missiles
 k - 71 stones (quivered)
 q - 34 arrows
 s - 23 sling bullets
Armour
 b - a +0 scale mail (worn)
 c - a +0 buckler (worn)
 r - a +0 pair of gloves (worn)
Jewellery
 g - a ring of positive energy (left hand)
 t - a +6 ring of intelligence (right hand)
 v - a +4 ring of slaying
Scrolls
 m - a scroll of identify {unknown}
 n - a scroll of silence {unknown}
 o - a scroll of enchant armour {unknown}
Potions
 e - a potion of cancellation {unknown}
 i - a potion of brilliance
 j - a potion of flight {unknown}
 l - 2 potions of degeneration {unknown}
 p - a potion of attraction {unknown}
 u - a potion of curing {unknown}


   Skills:
 - Level 3.6 Fighting
 + Level 8.4 Maces & Flails
 - Level 3.6 Armour
 - Level 3.6 Shields


You had 5 spell levels left.
You didn't know any spells.
Your spell library contained the following spells:

 Spells                   Type           Power      Damage    Failure   Level
 Animate Skeleton         Necr           0%         N/A       67%         1
 Pain                     Necr           0%         1d4       67%         1
 Sting                    Tmut/Pois      0%         1d3       67%         1
 Poisonous Vapours        Pois/Air       0%         N/A       80%         2
 Vampiric Draining        Necr           0%         2d6       95%         3
 Olgreb's Toxic Radiance  Pois           0%         N/A       100%        4


Dungeon Overview and Level Annotations

Branches:
Dungeon (5/15)
 Temple: D:4-7

Altars:

Annotations:
D:4 Grinder


Innate Abilities, Weirdness & Mutations

You have a pair of horns on your head.
You reflexively headbutt those who attack you in melee.


Message History

You see here a howler monkey corpse.
An orc warrior comes into view. It is wielding a +0 dire flail.
The orc warrior shouts!
An orc priest comes into view. It is wielding a +0 club.
You see here a +0 hunting sling.
You start waiting.
An orc warrior is nearby!
Okay, then.
You feel very mighty all of a sudden.
You closely miss the orc warrior.
The orc warrior hits you with a +0 dire flail!
You completely miss the orc warrior. Your headbutt misses the orc warrior.
The orc warrior hits you with a +0 dire flail!
You sock the orc warrior!
You headbutt the orc warrior, but do no damage.
The orc warrior is moderately wounded.
The orc warrior hits you with a +0 dire flail!
An orc comes into view. It is wielding a +0 short sword.
The orc shouts!
You hit the orc warrior.
The orc warrior is heavily wounded.
You hear a shout!
The orc warrior hits you with a +0 dire flail.
* * * LOW HITPOINT WARNING * * *
You hit the orc warrior.
The orc warrior is severely wounded.
The orc warrior closely misses you.
You hit the orc warrior.
The orc warrior is severely wounded.
The orc warrior closely misses you.
You closely miss the orc warrior.
The orc warrior is severely wounded.
The orc warrior hits you with a +0 dire flail!
* * * LOW HITPOINT WARNING * * *
The orc hits you with a +0 short sword.
* * * LOW HITPOINT WARNING * * *
You barely miss the orc warrior. Your headbutt misses the orc warrior.
The orc warrior is severely wounded.
The orc warrior hits you with a +0 dire flail!
You die...

###.##..##.##########...##
###....# #.)...####>..###
......## #......###
#####.# ##....###
#.#######..##.##
#.......).###..##
####...†)## ##..##
#....###..#####)o#####
#..#### ##...@o.......# #.
####.o.......# ..
##........# # #........#
#........# #........#
##########


You could see an orc warrior, an orc priest (wandering) and an orc.

Vanquished Creatures
  An ogre (D:4)
  A howler monkey (D:5)
  A hound (D:5)
  Jessica (D:3)
  An orc wizard (D:3)
  Natasha (twice) (D:3)
  A hound skeleton (D:4)
  An adder (D:2)
  5 worms (D:2)
  6 orcs
  11 ball pythons
  6 bats
  8 endoplasms
  4 giant cockroaches
  5 goblins
  2 hobgoblins (D:1)
  7 jackals (D:1)
  5 quokkas
  3 frilled lizards
  4 kobolds
  3 rats
78 creatures vanquished.

Notes
Turn   | Place    | Note
-------+----------+-------------------------------------------
     0 | D:1      | dolemite99 the Minotaur Fighter began the quest for the
                  | Orb.
     0 | D:1      | Reached XP level 1. HP: 19/19 MP: 0/0
    46 | D:1      | Reached skill level 3 in Maces & Flails
    62 | D:1      | Reached XP level 2. HP: 26/26 MP: 1/1
   283 | D:1      | Reached skill level 4 in Maces & Flails
   846 | D:1      | Reached XP level 3. HP: 31/31 MP: 2/2
  1369 | D:2      | Found a faded altar of an unknown god.
  1530 | D:2      | Reached skill level 5 in Maces & Flails
  2136 | D:2      | Reached XP level 4. HP: 39/39 MP: 3/3
  2844 | D:3      | Noticed Jessica
  2850 | D:3      | Killed Jessica
  2851 | D:3      | Reached skill level 6 in Maces & Flails
  3376 | D:3      | Noticed Natasha
  3384 | D:3      | Killed Natasha
  3385 | D:3      | Reached XP level 5. HP: 35/45 MP: 4/4
  3391 | D:3      | Noticed Natasha
  3398 | D:3      | Killed Natasha
  4212 | D:4      | Noticed Grinder
  4222 | D:3      | Reached skill level 7 in Maces & Flails
  4484 | D:4      | Noticed an ogre
  4502 | D:4      | Killed an ogre
  4503 | D:4      | Reached XP level 6. HP: 10/51 MP: 5/5
  5035 | D:5      | Entered Level 5 of the Dungeon
  5085 | D:5      | Reached skill level 8 in Maces & Flails
  5142 | D:5      | Noticed an orc warrior
  5170 | D:5      | Slain by an orc warrior

Illustrated notes

Levels and vault maps discovered:
D:1:      minmay_arrival_stair_chambers, layout_basic, corexii_corridor_pit,
          minivault_27, chequers_serial_rivers_micro_b
D:2:      wad_crossroads, layout_loops_corners, ebering_ecumenical_altar_box,
          nrook_mini_backslash
D:3:      layout_basic, uniq_natasha, uniq_jessica
D:4:      layout_loops_ring, mainiacjoe_overflow_24_doors, uniq_grinder
D:5:      layout_rooms, goddamned_bats, uniq_eustachio, uniq_sigmund, uniq_pikel

Skill      XL: |  1  2  3  4  5  6 |
---------------+-------------------+-----
Maces & Flails | 3 4 5 6 7 8 |  8.4
Fighting       | |  3.6
Armour         | |  3.6
Shields        | |  3.6

Action                   |  1- 3 |  4- 6 || total
-------------------------+-------+-------++-------
Melee: Flail             |    87 |    88 ||   175
       Headbutt          |    17 |    14 ||    31
       Dagger            |     6 |       ||     6
Throw: Stone             |     5 |     7 ||    12
  Use: Potion            |       |     2 ||     2
       Scroll            |       |     1 ||     1
Armor: Scale mail        |    60 |    38 ||    98
Dodge: Dodged            |    55 |    43 ||    98
Block: Buckler           |    24 |    16 ||    40

Table legend: (Time is in decaauts)
 A = Elapsed time spent in this place.
 B = Non-inter-level travel time spent in this place.
 C = Inter-level travel time spent in this place.
 D = Time resting spent in this place.
 E = Time spent auto-exploring this place.
 F = Levels seen in this place.
 G = Mean time per level.
                   A        B        C        D        E       F      G
               +--------+--------+--------+--------+--------+-----+--------+
         Total |   5195 |   5038 |    157 |   2085 |   2277 |   5 | 1039.0 |
       Dungeon |   5195 |   5038 |    157 |   2085 |   2277 |   5 | 1039.0 |
               +--------+--------+--------+--------+--------+-----+--------+

Top non-repeatable levels by time:
     D:3: 1739 daAuts
     D:2: 1520 daAuts
     D:1: 1205 daAuts
     D:4: 596 daAuts
     D:5: 133 daAuts
